Cogmind - Beta 13 *** ADVENTURER MODE // 2024.03.31 @ 23:04:05 Player: Andlepiha Result: Self-destructed Performance ------------- Evolutions (1) 500 Regions Visited (3) 600 Robots Destroyed (20) 100 Value Destroyed (440) 440 Prototype IDs (0) 0 Alien Tech Used (0) 0 Bonus (0) 0 TOTAL SCORE: 1640 Bonus ------- None Cogmind --------- Core Integrity 333/400 Matter 290/300 Energy 125/125 System Corruption 0% Temperature Cool (0) Movement Walking (190) Ox1 Location -9/Storage Parts ------- > --- POWER (1) -------- Light Ion Engine > --- PROPULSION (2) --- Aluminum Leg Aluminum Leg > --- UTILITY (2) ------ Medium Storage Unit Light Armor Plating > --- WEAPON (4) ------- Medium Laser Assault Rifle Light Assault Rifle Light Cannon > --- INVENTORY (10) --- Ion Engine Heat Sink Medium Storage Unit Large Storage Unit Large Battery (200) Medium Matter Pod (100) Structural Scanner Grenade Launcher Peak State ------------ > --- POWER ------------ Light Ion Engine > --- PROPULSION ------- Aluminum Leg Aluminum Leg > --- UTILITY ---------- Medium Storage Unit Medium Matter Pod > --- WEAPON ----------- Medium Laser Medium Laser Assault Rifle Light Assault Rifle > --- INVENTORY -------- Aluminum Leg Heat Sink Medium Storage Unit Large Storage Unit Large Battery Light Armor Plating Beam Rifle Light Cannon Grenade Launcher [Rating: 10] Favorites ----------- Power Light Ion Engine Engine Light Ion Engine Propulsion Aluminum Leg Leg Aluminum Leg Utility Medium Storage Unit Storage Medium Storage Unit Protection Light Armor Plating Weapon Medium Laser Energy Gun Medium Laser Ballistic Gun Assault Rifle Ballistic Cannon Light Cannon Launcher Grenade Launcher Build | -11 -10 -9 -9 ------- Run | Yrd Mat Mat Sto Slots Evolved 2 | . . 2 . Power . | . . . . Propulsion . | . . . . Utility . | . . . . Weapon 2 | . . 2 . Parts Attached 18 | 7 3 7 1 Power 2 | 1 1 . . Engine 2 | 1 1 . . Core . | . . . . Reactor . | . . . . Propulsion 5 | 2 1 1 1 Treads . | . . . . Leg 5 | 2 1 1 1 Wheel . | . . . . Hover . | . . . . Flight . | . . . . Utility 3 | 1 1 1 . Device . | . . . . Storage 2 | 1 1 . . Processor . | . . . . Hackware . | . . . . Protection 1 | . . 1 . Artifact . | . . . . Weapon 8 | 3 . 5 . Energy Gun 2 | 2 . . . Energy Cannon . | . . . . Ballistic Gun 3 | 1 . 2 . Ballistic Cannon 2 | . . 2 . Launcher 1 | . . 1 . Special Weapon . | . . . . Impact Weapon . | . . . . Slashing Weapon . | . . . . Piercing Weapon . | . . . . Special Melee Weapon . | . . . . Unidentified Prototypes . | . . . . Parts Lost 2 | . . 1 1 Power . | . . . . Propulsion 1 | . . . 1 Utility . | . . . . Weapon 1 | . . 1 . Highest Loss Streak 1 | . . 1 1 To Critical Strikes . | . . . . Average Slot Usage (%) 99 | . 99 99 98 Engine 12 | . 14 11 11 Leg 25 | . 28 22 20 Storage 21 | . 27 13 11 Protection 3 | . . 8 11 Energy Gun 23 | . 28 19 11 Ballistic Gun 9 | . . 22 22 Ballistic Cannon 1 | . . 2 11 Naked Turns . | . . . . Heaviest Build 24 | 9 19 24 24 Greatest Support 20 | 20 20 20 20 Greatest Overweight (x) 2 | . . 2 2 Average Overweight (x) . | . . 1 1 Largest Inventory Capacity 10 | 5 10 10 10 Average Capacity 9 | 5 9 10 10 Most Carried 10 | 5 10 10 9 Average Carried 8 | 2 9 9 8 Final Capacity 10 | 5 10 10 10 Final Carried 9 | 3 9 9 8 Class Distribution -------------------- 63% | Mutant 30% | Scavenger-Tank 5% | Scavenger-Gunner Dominant Class ---------------- Mutant | -10/Materials Scavenger-Tank | -9/Materials Scavenger-Tank | -9/Storage Resources | -11 -10 -9 -9 ----------- Run | Yrd Mat Mat Sto Matter Collected 522 | 323 30 169 . Remotely . | . . . . Salvage Created 545 | 71 141 333 . Parts 35 | 1 11 23 . Haulers Intercepted . | . . . . Recyclers Shooed . | . . . . Parts Field Recycled . | . . . . Retrieved Matter . | . . . . Parts Self-Destructed . | . . . . Prevented . | . . . . Kills | -11 -10 -9 -9 ------- Run | Yrd Mat Mat Sto Combat Hostiles Destroyed 19 | 1 6 12 . Guns 17 | 1 5 11 . Cannons 1 | . . 1 . Classes Destroyed 4 | 2 1 1 . Worker 1 | 1 . . . Swarmer 10 | . 3 7 . Grunt 6 | 1 3 2 . Sentry 3 | . . 3 . Best Kill Streak 6 | 1 3 6 . Combat Bots Only 6 | 1 3 6 . Max Kills in Single Turn 2 | 1 1 2 . Gunslinging 1 | . . 1 . Exploded . | . . . . Melee . | . . . . Uniques/NPCs Destroyed . | . . . . Combat | -11 -10 -9 -9 -------- Run | Yrd Mat Mat Sto Hostile Shots Fired 132 | 11 39 82 . Missed 33 | 4 9 20 . Damage Taken 737 | 57 232 426 22 Core 140 | 16 57 56 11 Absorbed by Shields . | . . . . Ignored by Resistances 235 | 19 73 137 6 Regen/Repaired (Parts) 62 | . . 62 . Core Remaining (%) 81 | 93 70 . . Volleys Fired 45 | 12 14 19 . Largest 4 | 2 2 4 . Hottest 140 | 100 100 140 . Shots Fired 119 | 24 28 67 . Gun 112 | 24 28 60 . Cannon 7 | . . 7 . Launcher . | . . . . Special . | . . . . Kinetic 45 | . . 45 . Thermal 74 | 24 28 22 . Explosive . | . . . . Electromagnetic . | . . . . Robot Hit Streak 13 | 6 6 13 . Robot Miss Streak 7 | 1 1 7 . Penetration Max . | . . . . Secondary Targets 3 | . 1 2 . Max Gunslinging Chain 2 | . 1 2 . Shots Hit Robots 74 | 17 22 35 . Core Hits 29 | 3 8 18 . Critical Kills 1 | . . 1 . Critical Parts Destroyed . | . . . . Critical Strikes 4 | . 3 1 . Burn 3 | . 3 . . Destroy 1 | . . 1 . Melee Attacks . | . . . . Impact . | . . . . Slashing . | . . . . Piercing . | . . . . Sneak Attacks . | . . . . Combat Hostiles . | . . . . Follow-up Attacks . | . . . . Damage Inflicted 901 | 215 288 398 . Guns 884 | 213 288 383 . Cannons 15 | . . 15 . Explosions . | . . . . Melee . | . . . . Ramming 2 | 2 . . . Kinetic 248 | . . 248 . Thermal 651 | 213 288 150 . Explosive . | . . . . Electromagnetic . | . . . . Impact . | . . . . Slashing . | . . . . Piercing . | . . . . Highest Corruption . | . . . . Average Corruption . | . . . . Corruption Purged . | . . . . Corruption Blocked . | . . . . Overload Shots . | . . . . Overflow Damage . | . . . . Projectiles . | . . . . Explosions . | . . . . Melee . | . . . . Knockbacks . | . . . . Impact . | . . . . Kinetic . | . . . . Secondary . | . . . . Self-Inflicted Damage . | . . . . Shots . | . . . . Rammed . | . . . . Targets Rammed 1 | 1 . . . Kicked 1 | 1 . . . Crushed . | . . . . Highest Temperature 330 | 330 141 234 . Average Temperature 91 | 131 59 90 . Received Heat Transfer 213 | 42 108 63 . Effects 2 | 1 . 1 . Energy Bleed 2 | 1 . 1 . Siege Activations . | . . . . Robots Corrupted . | . . . . Combat Hostiles . | . . . . Parts Fried . | . . . . Impact Corruptions . | . . . . Robots Melted 1 | . 1 . . Combat Hostiles 1 | . 1 . . Parts Melted 5 | 2 3 . . Heat Transferred 2146 | 629 1073 444 . Parts Sabotaged . | . . . . Parts Stolen . | . . . . Parts Stripped . | . . . . Power Chain Reactions . | . . . . Alert | -11 -10 -9 -9 ------- Run | Yrd Mat Mat Sto Peak Influence 186 | 25 120 186 66 Initial 66 | . 13 . 66 Average 58 | 11 54 91 57 Maximum Alert Level . | . . . . Low Security (%) 100 | 100 100 100 100 Level 1 . | . . . . Level 2 . | . . . . Level 3 . | . . . . Level 4 . | . . . . Level 5 . | . . . . High Security . | . . . . Max Security . | . . . . Squads Dispatched 3 | . 2 1 . Investigation 2 | . 2 . . Extermination . | . . . . Reinforcement 1 | . . 1 . Assault . | . . . . Garrison . | . . . . Intercept . | . . . . Searches Triggered . | . . . . Construction Impeded . | . . . . Haulers Reinforced . | . . . . Active Scanning Responses . | . . . . Cargo Convoy Interrupts . | . . . . Stealth | -11 -10 -9 -9 --------- Run | Yrd Mat Mat Sto Distress Signals 1 | . . 1 . Communications Jammed . | . . . . Distress Signals . | . . . . Times Spotted 22 | 1 6 15 . Peak Tracking Total 5 | 1 3 5 . Tactical Retreats . | . . . . Traps | -11 -10 -9 -9 ------- Run | Yrd Mat Mat Sto Traps Triggered 1 | . . . 1 Indirectly . | . . . . Trap Hack Attempts . | . . . . Triggered . | . . . . Disarmed 10 | . 10 . . Reprogrammed . | . . . . Reused . | . . . . Traps Extracted . | . . . . Installed . | . . . . Triggered . | . . . . Machines | -11 -10 -9 -9 ---------- Run | Yrd Mat Mat Sto Machines Disabled . | . . . . Max in Single Turn . | . . . . Machines Repaired . | . . . . Machines Dismantled . | . . . . Machines Sabotaged . | . . . . Overloaded Fab Kills . | . . . . Hacking | -11 -10 -9 -9 --------- Run | Yrd Mat Mat Sto Machines Accessed 3 | . 2 1 . Terminals 2 | . 2 . . Fabricators . | . . . . Repair Stations 1 | . . 1 . Recycling Units . | . . . . Scanalyzers . | . . . . Garrison Access . | . . . . Total Hacks 11 | . 9 2 . Successful 7 | . 5 2 . Failed 4 | . 4 . . Catastrophic 1 | . 1 . . Database Lockouts . | . . . . Manual . | . . . . Terminals 9 | . 9 . . Fabricators . | . . . . Repair Stations 2 | . . 2 . Recycling Units . | . . . . Scanalyzers . | . . . . Garrison Access . | . . . . Terminal Hacks 5 | . 5 . . Record 1 | . 1 . . Locate Traps 1 | . 1 . . Disarm Traps 2 | . 2 . . Registered Components 1 | . 1 . . Fabricator Hacks . | . . . . Repair Station Hacks 2 | . . 2 . Scan Component 1 | . . 1 . Repair 1 | . . 1 . Recycling Unit Hacks . | . . . . Scanalyzer . | . . . . Garrison Access Hacks . | . . . . Unauthorized Hacks . | . . . . Terminals . | . . . . Fabricators . | . . . . Repair Stations . | . . . . Recycling Units . | . . . . Scanalyzers . | . . . . Garrison Access . | . . . . Data Cores Recovered . | . . . . Used . | . . . . Hacking Detections 2 | . 2 . . Full Trace Events 2 | . 2 . . Feedback Events . | . . . . Feedback Blocked . | . . . . Robot Schematics Acquired . | . . . . Robots Built . | . . . . Authchips . | . . . . Time . | . . . . Total Robot Build Rating . | . . . . Part Schematics Acquired . | . . . . Parts Built . | . . . . Authchips . | . . . . Time . | . . . . Total Part Build Rating . | . . . . Parts Repaired 1 | . . 1 . Time 26 | . . 26 . Parts Recycled . | . . . . Recycled Matter . | . . . . Retrieved Matter . | . . . . Retrieved Components . | . . . . Parts Scanalyzed . | . . . . Part Schematics Acquired . | . . . . Parts Damaged . | . . . . Bothacking | -11 -10 -9 -9 ------------ Run | Yrd Mat Mat Sto Used RIF Installer . | . . . . Robots Hacked . | . . . . Non-combat . | . . . . Combat . | . . . . Robot Hacks Applied . | . . . . Relay Couplers Released . | . . . . Fabnet Peak Effective % . | . . . . Robots Rewired . | . . . . Allies Hacked . | . . . . Hacks Repelled . | . . . . Allies | -11 -10 -9 -9 -------- Run | Yrd Mat Mat Sto Total Allies . | . . . . Largest Group . | . . . . Highest-Rated Group . | . . . . Highest-Rated Ally . | . . . . Total Orders . | . . . . Ally Attacks . | . . . . Total Damage . | . . . . Kills . | . . . . Allies Corrupted . | . . . . Allies Melted . | . . . . Intel | -11 -10 -9 -9 ------- Run | Yrd Mat Mat Sto Robot Analysis Total . | . . . . Derelict Logs Recovered . | . . . . Drone Launches . | . . . . Drone Recoveries . | . . . . Exploration | -11 -10 -9 -9 ------------- Run | Yrd Mat Mat Sto Turns Passed 1825 | 305 861 562 97 Spaces Moved 1087 | 171 620 246 50 Core 31 | 31 . . . Treads . | . . . . Legs 1056 | 140 620 246 50 Wheels . | . . . . Hover . | . . . . Flight . | . . . . Fastest Speed 50 | 50 120 190 190 Average Speed 137 | 107 120 190 191 Slowest Speed 260 | 120 120 260 260 Overloaded Moves . | . . . . Propulsion Burnouts . | . . . . Robots Hopped . | . . . . Cave-ins Triggered . | . . . . Exploration Rate (%) 17 | 10 39 13 7 Regions Visited 3 Branch Regions 1 Pre-discovered Areas . | . . . . Known Exits Taken . | . . . . Unknown Exits Taken 3 | 1 1 1 . Scrap Searched . | . . . . Spaces Dug . | . . . . Terrain Destroyed . | . . . . Melee . | . . . . Projectile . | . . . . AOE . | . . . . Terrain Rammed . | . . . . Walls Destroyed . | . . . . Machines Disabled . | . . . . Actions | -11 -10 -9 -9 --------- Run | Yrd Mat Mat Sto Total 1326 | 267 711 297 51 Wait 146 | 70 56 20 . Move 1084 | 170 619 245 50 Hop . | . . . . Pick Up 23 | 6 12 5 . Fast Attach 4 | 3 1 . . Attach 9 | 4 . 4 1 Detach 1 | 1 . . . Swap 5 | . 2 3 . Drop 8 | . 7 1 . Fire 45 | 12 14 19 . Melee . | . . . . Ram . | . . . . Kick 1 | 1 . . . Crush . | . . . . Escape Stasis . | . . . . Rewire . | . . . . Trap . | . . . . Miscellaneous . | . . . . Route ------- -11/Scrapyard -10/Materials -9/Materials (discovered 2 exits: [*Min] / *Sto) -9/Storage History --------- Turn | Location | Event 2 | -11/Scrapyard | Met Revision 17 125 | -11/Scrapyard | Discovered new exit (range 8) 306 | -11/Scrapyard | Entered Materials 307 | -10/Materials | Build established: Mutant 1119 | -10/Materials | Discovered new exit (range 8) 1167 | -10/Materials | Entered another Materials area 1167 | -9/Materials | Evolved 2 slots: Weapon x2 1182 | -9/Materials | Discovered new exit (range 15) 1438 | -9/Materials | Repaired Aluminum Leg 1571 | -9/Materials | Build established: Scavenger-Tank 1632 | -9/Materials | Discovered new exit (range 9) 1729 | -9/Materials | Entered Storage 1826 | -9/Storage | Self-destructed Last Messages --------------- K-01 Serf collects debris. 01712_ Acquired 19 matter. 01714_ K-01 Serf collects debris. LOCATION=UNKNOWN GOAL=ESCAPE 01739_ Triggered Explosive Trap. 01739_ An explosion rips through the floor. 01739_ Aluminum Leg destroyed. 01771_ Connecting with Terminal... 01771_ Current location identified: Storage 01775_ U-05 Engineer lays Concrete. 01777_ U-05 Engineer builds a Wall. 01780_ U-05 Engineer lays Concrete. 01783_ U-05 Engineer builds a Wall. 01784_ U-05 Engineer lays Concrete. 01787_ U-05 Engineer builds a Wall. 01788_ U-05 Engineer lays Concrete. 01789_ U-05 Engineer builds a Wall. 01792_ U-05 Engineer builds a Door. 01822_ Connecting with Terminal... Map ----- +----------------------------------------------------+ | ?????????????????????????????????????????????????? | | ?????????????????????????????????????????????????? | | ?????????????????????????????????????????????????? | | ?????????????????????????????????????????????????? | | ?????????????????????????????????????????????????? | | ?????????????????????????????????????????????????? | | ?????????????????????????????????????????????????? | | ?????????????????????????????????????????????????? | | ?????????????????????????????????????????????????? | | ?????????????????????????????????????????????????? | | ?????????????????????????????????????????????????? | | ?????????????????????????????????????????????????? | | ????????#####????????????????????????????????????? | | ????????#"""#????????????????????????????????????? | | ?????####"T"####?????????????????????????????????? | | ?????# #?????????????????????????????????? | | ???### #?????????????????????????????????? | | ??#""" #?????????????????????????????????? | | ??#"G """ """ #?????????????????????????????????? | | ??#""" """ """ #?????????????????????????????????? | | ??#### """ """ #?????????????????????????????????? | | ?????# #?????#######?????????????????????? | | ?????# #######"""""#?????? ##????????????? | | ?????######+#### #""T""#### #????????????? | | ?????# u u r #????????????? | | ?????# @ T #????????????? | | ?????# #????????????? | | ?????########### ########## #????????????? | | ???????????###########???????????####????????????? | | ?????????????????????????????????????????????????? | | | | | | | | | | | | | | | | | | | | | | | | | | | | | | | | | | | | | | | | | +----------------------------------------------------+ Best States ------------- Heat Dissipation 28 Energy Generation 10 Energy Capacity 125 Matter Stores 400 Matter Capacity 400 Sight Range 16 Terrain Scan Density 10 Armor Coverage 150 Resistance: KI 20 Resistance: TH 20 Resistance: EX 20 Resistance: EM 20 Resistance: I 20 Resistance: S 20 Resistance: P 20 Evasion (%) 55 Offensive Hacking 10 Item Schematics ----------------- None Robot Schematics ------------------ None Fabricated ------------ Nothing Alien Tech Used ----------------- None Achievements -------------- It's Just You Storm Trooper Uninvited Guest Challenges ------------ None Game ------ Seed AlphaExplosivePrototype Manual? 0 Play Time 00:27:04 Cumulative 1.2 hours Start 2024.03.31 @ 21:50:24 End 2024.03.31 @ 23:04:05 Sessions 11 Manual Loads 0 Difficulty Adventurer Special Mode None Game No. 2 Rogue 0 Adventurer 2 Explorer 0 Win Type - Total 0 Types 0/0/0/0/0/0/0/0/0 Lore% 1 Gallery% 1 Achievement% 3 Wizard Run 0 Options --------- Layout 0 ASCII 0 Keyboard 0 Movement Arrows Keybinds 0 Fullscreen 2 Font 24/Smallcaps Map View 76x50 Zoom Use 0% Tactical HUD 1 Map Filters NONE Filters NONE Steam 1 RUN: eaaaea42-41b3-4456-9c93-7184b00d6878